 Dungeon Crawl Stone Soup version 0.31.0-32-g396128a36d (webtiles) character file.

Game seed: 7189686470508313909

3719 PaiMei the Scholar of Death (level 9, -3/72 HPs)
             Began as a Demonspawn Necromancer on Mar 22, 2024.
             Was a Follower of Kikubaaqudgha.
             Slain by a vampire mosquito (5 damage)
             ... on level 7 of the Dungeon.
             The game lasted 00:14:28 (11705 turns).

PaiMei the Scholar of Death (DsNe)                 Turns: 11705, Time: 00:14:28

Health: -3/72      AC: 22    Str:  8    XL:     9   Next: 92%
Magic:  19/19      EV: 13    Int: 21    God:    Kikubaaqudgha [*.....]
Gold:   429        SH:  0    Dex: 19    Spells: 13/21 levels left

rFire   . . .        M - +2 flail (protect)
rCold   + . .        (no shield)
rNeg    . . .        L - +2 ring mail {rC+}
rPois   .            (helmet restricted)
rElec   .            s - +0 cloak
rCorr   .            G - +0 pair of gloves
SInv    +            N - +0 pair of boots
Will    .....        (no amulet)
Stlth   ++           t - +6 ring of dexterity
HPRegen 0.32/turn    k - ring of see invisible
MPRegen 0.16/turn

%: no passive effects
@: sanguine armoured
A: horns 1, powered by death 1, sanguine armour 3
a: Renounce Religion, Unearth Wretches


You were on level 7 of the Dungeon.
You worshipped Kikubaaqudgha.
Kikubaaqudgha was aware of your devotion.
You visited 2 branches of the dungeon, and saw 9 of its levels.
You also visited: Sewer.

You collected 429 gold pieces.

Inventory:

Hand Weapons
 p - a +5 dagger of venom
 M - a +2 flail of protection (weapon)
Missiles
 r - 2 atropa-tipped darts (quivered)
 A - 3 curare-tipped darts
 B - 46 poisoned darts
Armour
 s - a +0 cloak (worn)
 G - a +0 pair of gloves (worn)
 L - a +2 ring mail of cold resistance (worn)
 N - a +0 pair of boots (worn)
Jewellery
 h - a ring of willpower
 k - a ring of see invisible (right hand)
 n - a ring of fire
 t - a +6 ring of dexterity (left hand)
Wands
 D - a wand of flame (71)
 E - a wand of mindburst (6)
 F - a wand of roots (18)
 J - a wand of quicksilver (5)
 K - a wand of digging (4)
Scrolls
 a - a scroll of summoning {unknown}
 f - a scroll of noise {unknown}
 g - a scroll of immolation {unknown}
 i - 4 scrolls of fog {unknown}
 j - 9 scrolls of vulnerability {unknown}
 o - 2 scrolls of amnesia {unknown}
 q - 3 scrolls of teleportation {unknown}
 w - 4 scrolls of blinking {unknown}
 y - a scroll of enchant weapon {unknown}
 z - 4 scrolls of identify {unknown}
 C - a scroll of poison {unknown}
Potions
 b - a potion of magic
 c - a potion of heal wounds {unknown}
 d - 3 potions of might {unknown}
 e - a potion of brilliance {unknown}
 l - a potion of ambrosia {unknown}
 m - 3 potions of curing {unknown}
 u - 3 potions of invisibility {unknown}
 v - a potion of mutation {unknown}
 x - 2 potions of resistance {unknown}
 H - a potion of attraction {unknown}
 I - a potion of lignification {unknown}


   Skills:
 + Level 7.0 Fighting
 + Level 6.7 Dodging
 - Level 2.0 Stealth
 + Level 6.8 Spellcasting
 + Level 9.0 Necromancy


You had 13 spell levels left.
You knew the following spells:

 Your Spells              Type           Power      Damage    Failure   Level
a - Necrotise             Necr           100%       1d9       1%          1
b - Vampiric Draining     Necr           45%        2d9       1%          3
c - Animate Dead          Necr           45%        N/A       7%          4

Your spell library contained the following spells:

 Spells                   Type           Power      Damage    Failure   Level
 Sublimation of Blood     Necr           45%        N/A       1%          2
 Fugue of the Fallen      Necr           45%        N/A       1%          3
 Cigotuvi's Dreadful Rot  Necr/Alch/Air  38%        N/A       12%         2
 Curse of Agony           Necr           45%        N/A       19%         5
 Foxfire                  Conj/Fire      28%        2x1d5     28%         1
 Sting                    Conj/Alch      28%        1d4       28%         1
 Mercury Vapours          Alch/Air       14%        N/A       38%         2
 Dazzling Flash           Conj/Hex       14%        N/A       63%         3
 Ozocubu's Armour         Ice            7%         N/A       63%         3
 Volatile Blastmotes      Fire/Tloc      14%        2d11      63%         3
 Manifold Assault         Tloc           7%         N/A       95%         4
 Olgreb's Toxic Radiance  Alch           7%         N/A       95%         4
 Plasma Beam              Fire/Air       3%         2x1d13    100%        6
 Starburst                Conj/Fire      3%         6d3       100%        6
 Maxwell's Capacitive Co  Air            3%         ∞         100%        8


Dungeon Overview and Level Annotations

Branches:
Dungeon (8/15)             Temple (1/1) D:5           Sewer (visited)
   Lair: D:8-11

Altars:
Ashenzari
Cheibriados
Dithmenos
Fedhas
Gozag
Hepliaklqana
Kikubaaqudgha
Makhleb
Nemelex Xobeh
Qazlal
Ru
Sif Muna
Trog
Uskayaw
Vehumet
Wu Jian
Xom
Yredelemnul

Annotations:
D:5 Menkaure


Innate Abilities, Weirdness & Mutations

You have a pair of small horns on your head.
You regenerate a little health from kills.
When seriously injured, your blood forms very thick armour. (AC +12)


Message History

The vampire mosquito closely misses you.
The vampire mosquito misses you. The vampire mosquito bites you!
* * * LOW HITPOINT WARNING * * *
The vampire mosquito draws strength from your injuries!
The vampire mosquito attacks as it pursues you!
The vampire mosquito closely misses you. x2
The vampire mosquito attacks as it pursues you!
The vampire mosquito misses you.
The vampire mosquito bites you but does no damage.
The vampire mosquito barely misses you.
The vampire mosquito closely misses you.
The vampire mosquito attacks as it pursues you!
The vampire mosquito bites you but does no damage.
The vampire mosquito barely misses you.
The vampire mosquito closely misses you. x2
The vampire mosquito attacks as it pursues you!
The vampire mosquito barely misses you.
The vampire mosquito closely misses you.
The vampire mosquito completely misses you.
The vampire mosquito attacks as it pursues you!
The vampire mosquito bites you but does no damage.
The vampire mosquito bites you!
* * * LOW HITPOINT WARNING * * *
The vampire mosquito draws strength from your injuries!
There is a stone staircase leading up here.
The vampire mosquito bites you!
* * * LOW HITPOINT WARNING * * *
The vampire mosquito draws strength from your injuries!
The vampire mosquito closely misses you.
The vampire mosquito bites you.
* * * LOW HITPOINT WARNING * * *
The vampire mosquito draws strength from your injuries!
The vampire mosquito barely misses you.
The vampire mosquito bites you but does no damage.
You climb upwards.
There is a stone staircase leading down here.
The vampire mosquito bites you but does no damage.
The vampire mosquito bites you.
You die...
Kikubaaqudgha rasps: "You have failed me!
Welcome... death!"

##..##.#.......# #.#
##....#.......# ##.#
####.........# #.z#
#....###### #.## #....#
#z# ########.#..## #|#
#.....##.#...## #.#
#.....##.#....########.#
#.....##.#...y@........#
#.....##.##..y##########
#....z##....#.#
#..<.z......#.#
###.....#######.#
................#
################# # #


You could see 2 vampire mosquitoes.

Vanquished Creatures
  Pikel (D:7)
  4 yaks (D:7)
  Eustachio (D:6)
  A vampire mosquito (D:8)
  Duvessa (D:6)
  An ogre (D:5)
  3 black bears
  2 lemures
  A phantom (D:5)
  5 kobold brigands (Sewer)
  3 scorpions
  6 wights
  Dowan (D:6)
  5 killer bees (D:7)
  A bombardier beetle (D:7)
  2 orc priests (D:7)
  5 hounds
  5 sleepcaps
  Jessica (D:3)
  An iguana (D:4)
  2 orc wizards (D:7)
  8 gnolls
  12 adders
  A river rat (Sewer)
  A shadow imp (D:5)
  2 white imps
  2 ufetubi (D:5)
  3 dart slugs
  2 ribbon worms (D:3)
  16 orcs
  7 endoplasms
  3 giant cockroaches
  15 goblins
  A hobgoblin (D:4)
  4 kobolds
  4 quokkas
  8 ball pythons
  3 bats
  4 frilled lizards
  10 rats
  A spectral hobgoblin (D:3)
159 creatures vanquished.

Vanquished Creatures (collateral kills)
  An adder (Sewer)
  A dart slug (D:3)
  2 goblins
  A rat (Sewer)
5 creatures vanquished.

Grand Total: 164 creatures vanquished

Notes
Turn   | Place    | Note
-------+----------+-------------------------------------------
     0 | D:1      | PaiMei the Demonspawn Necromancer began the quest for the
                  | Orb.
     0 | D:1      | Reached XP level 1. HP: 13/13 MP: 3/3
   207 | D:1      | Gained mutation: You have a pair of small horns on your
                  | head. [demonic ancestry]
   207 | D:1      | Reached XP level 2. HP: 18/19 MP: 0/5
   765 | D:2      | Gained mutation: When seriously injured, your blood forms
                  | armour. (AC +12) [demonic ancestry]
   765 | D:2      | Reached XP level 3. HP: 20/25 MP: 0/6
   769 | D:2      | Learned a level 3 spell: Vampiric Draining
   923 | D:2      | Reached skill level 1 in Fighting
  1855 | D:3      | Noticed Jessica
  1857 | D:3      | Killed Jessica
  1858 | D:3      | Gained mutation: When seriously injured, your blood forms
                  | thick armour. (AC +12) [demonic ancestry]
  1858 | D:3      | Reached XP level 4. HP: 32/32 MP: 4/8
  2011 | D:3      | Found a faded altar of an unknown god.
  2237 | D:3      | Found a glowing drain.
  2248 | D:3      | Reached skill level 5 in Necromancy
  2251 | Sewer    | Entered a sewer
  2322 | Sewer    | Learned a level 4 spell: Animate Dead
  2448 | Sewer    | Noticed a kobold brigand
  2474 | Sewer    | Killed a kobold brigand
  2475 | Sewer    | Reached XP level 5. HP: 23/38 MP: 0/9
  2722 | Sewer    | Reached XP level 6. HP: 16/46 MP: 1/11
  3615 | D:3      | Gained mutation: You regenerate a little health from kills.
                  | [demonic ancestry]
  3615 | D:3      | Reached XP level 7. HP: 37/52 MP: 6/12
  3626 | D:3      | Reached skill level 6 in Necromancy
  3973 | D:4      | Found an ornate altar of the Wu Jian Council.
  4980 | D:4      | Found a basalt altar of Yredelemnul.
  5057 | D:5      | Entered Level 5 of the Dungeon
  5532 | D:5      | Noticed Menkaure
  5589 | D:5      | Gained mutation: When seriously injured, your blood forms
                  | very thick armour. (AC +12) [demonic ancestry]
  5589 | D:5      | Reached XP level 8. HP: 60/60 MP: 5/15
  6326 | D:5      | Found a snail-covered altar of Cheibriados.
  6521 | D:5      | Found a staircase to the Ecumenical Temple.
  6530 | Temple   | Entered the Ecumenical Temple
  6571 | Temple   | Became a worshipper of Kikubaaqudgha
  6936 | D:6      | Noticed Duvessa
  6947 | D:6      | Noticed Dowan
  6953 | D:6      | Killed Duvessa
  6954 | D:6      | Reached skill level 5 in Spellcasting
  6954 | D:6      | Reached skill level 7 in Necromancy
  6959 | D:6      | Killed Dowan
  6960 | D:6      | Reached skill level 5 in Dodging
  7124 | D:6      | Reached skill level 5 in Fighting
  7656 | D:6      | Noticed Eustachio
  7673 | D:6      | Killed Eustachio
  9125 | D:7      | Noticed Pikel
  9518 | D:7      | Reached XP level 9. HP: 59/59 MP: 17/17
  9535 | D:7      | Killed Pikel
  9536 | D:7      | Reached skill level 8 in Necromancy
  9736 | D:7      | Reached * piety under Kikubaaqudgha
  9736 | D:7      | Received a gift from Kikubaaqudgha
 11674 | D:8      | Reached skill level 9 in Necromancy
 11703 | D:8      | HP: 2/72 [vampire mosquito (7)]
 11705 | D:7      | Slain by a vampire mosquito

Illustrated notes

Levels and vault maps discovered:
D:1:      dpeg_arrival_radiant, layout_rooms, nicolae_twisty_statue_hallways
D:2:      layout_basic, minmay_unequal
D:3:      layout_basic, dreamdust_ecumenical_altar_drowned_temple,
          cheibrodos_sewer_entry_bend, nicolae_grassy_gnolls, uniq_jessica
D:4:      layout_basic, nicolae_wu_jian_immortal_techniques,
          yredelemnul_forgotten_temple_becter, dreamdust_princess_corridor,
          minmay_pentangle
D:5:      layout_basic, cheibriados_altar_1, minmay_temple_entry_poolview,
          uniq_menkaure
D:6:      layout_basic, uniq_eustachio, uniq_duvessa
D:7:      layout_basic, enter_bailey_3, uniq_pikel
D:8:      minmay_angry_zag, layout_cave_pools, lair_entry_dummy,
          chequers_serial_rivers_micro_e
Temple:   nicolae_temple_two_arcs

Skill      XL: |  1  2  3  4  5  6  7  8  9 |
---------------+----------------------------+-----
Stealth        | 2 |  2.0
Dodging        | 2 3 4 5 6 |  6.7
Fighting       | 1 2 3 4 5 7 |  7.0
Necromancy     | 5 6 7 9 |  9.0
Spellcasting   | 3 4 5 6 |  6.8

Action                     |  1- 3 |  4- 6 |  7- 9 || total
---------------------------+-------+-------+-------++-------
  Melee: Unarmed           |     9 |       |       ||     9
         Club              |     8 |       |       ||     8
         Headbutt          |     1 |     7 |    68 ||    76
         Hand axe          |     1 |       |       ||     1
         Dagger            |       |    30 |   246 ||   276
         Punch             |       |       |     4 ||     4
         Flail             |       |       |    22 ||    22
   Cast: Necrotise         |    60 |    59 |    75 ||   194
         Vampiric Draining |       |     5 |    74 ||    79
   Stab: Sleeping          |       |     1 |       ||     1
 Armour: Robe              |    14 |    43 |    72 ||   129
         Ring mail         |       |       |   215 ||   215
  Dodge: Dodged            |    26 |    35 |   310 ||   371
